 Dungeon Crawl Stone Soup version 0.29.1-13-g9f3cf754e1 (webtiles) character file.

Game seed: 14065904769249308823

322505 EarthwalkerPL the Warrior (level 20, 0/195 HPs)
             Began as a Minotaur Fighter on Jan 21, 2023.
             Was the Champion of Okawaru.
             Slain by a rockslime (12 damage)
             ... created by the Royal Jelly
             ... on level 5 of the Pits of Slime on Jan 22, 2023.
             The game lasted 03:28:27 (46118 turns).

EarthwalkerPL the Warrior (Minotaur Fighter)       Turns: 46118, Time: 03:28:28

Health: 0/195      AC: 24    Str: 29    XL:     20   Next: 67%
Magic:  0/34       EV: 14    Int:  8    God:    Okawaru [******]
Gold:   4957       SH:  0    Dex: 14    Spells: 19/19 levels left

rFire   + . .      SeeInvis +   V - +0 executioner's axe (vamp)
rCold   x . .      Faith    .   (shield currently unavailable)
rNeg    + + .      Spirit   +   o - +11 plate armour "Soycro Teph" {rPois rN++ Int+3 Stlth-}
rPois   +          Reflect  .   c - +2 hat of the Bear Spirit {Spirit, *Rage Will++}
rElec   .          Harm     .   w - +0 cloak {rF+}
rCorr   +          Rampage  .   b - +1 pair of gloves {Str+3}
Will    +++..      Rage     23% m - +1 pair of boots "Nuthori" {rC- MP+9 SInv Stlth+}
Stlth   ..........              G - amulet of regeneration
HPRegen 1.22/turn               H - ring of resist corrosion
MPRegen 0.24/turn               k - ring of flight

@: engulfed (cannot breathe), corroded, on berserk cooldown, flying, slowed,
studying 2 skills, very slow
A: horns 2, retaliatory headbutt, berserk 1, low MP 1
}: 2/15 runes: decaying, serpentine
a: Renounce Religion, Heroism, Finesse, Duel


You were on level 5 of the Pits of Slime.
You worshipped Okawaru.
Okawaru was exalted by your worship.
You visited 8 branches of the dungeon, and saw 39 of its levels.
You also visited: Gauntlet, Ice Cave, Volcano and Wizlab.

You collected 6241 gold pieces.
You spent 1284 gold pieces at shops.

Inventory:

Hand Weapons
 A - a +0 broad axe of flaming
 M - a +4 spectral broad axe
 V - a +0 vampiric executioner's axe (weapon)
Missiles
 e - 45 poisoned darts
 v - 17 boomerangs (quivered)
 S - 33 javelins
 Y - 16 boomerangs of dispersal
Armour
 b - a +1 pair of gloves of strength (worn)
 c - the +2 hat of the Bear Spirit (worn) {Spirit, *Rage Will++}
   (Okawaru gifted it to you on level 11 of the Dungeon)

   Going berserk makes the wearer tougher, and they're slowed less afterward.
   *Rage:     It berserks you when you make melee attacks (+20% chance).
   Will:      It greatly increases your willpower.
 m - the +1 pair of boots "Nuthori" (worn) {rC- MP+9 SInv Stlth+}
   (Okawaru gifted it to you on level 1 of the Elven Halls)

   rC:        It makes you vulnerable to cold.
   MP:        It affects your magic capacity (+9).
   SInv:      It lets you see invisible.
   Stlth:     It makes you more stealthy.
 n - a +1 tower shield of reflection
 o - the +11 plate armour "Soycro Teph" (worn) {rPois rN++ Int+3 Stlth-}
   (You found it on level 2 of the Dungeon)

   Int:       It affects your intelligence (+3).
   rPois:     It protects you from poison.
   rN:        It greatly protects you from negative energy.
   Stlth:     It makes you less stealthy.
 w - a +0 cloak of fire resistance (worn)
 x - the +3 cloak of Protective Custody {Str+2}
   (Okawaru gifted it to you on level 3 of the Pits of Slime)

   Str:       It affects your strength (+2).
 K - the +2 hat of Vautex {rPois rC- Will++ Int+3}
   (Okawaru gifted it to you on level 2 of the Orcish Mines)

   Int:       It affects your intelligence (+3).
   rC:        It makes you vulnerable to cold.
   rPois:     It protects you from poison.
   Will:      It greatly increases your willpower.
 U - the +3 buckler of Integrity {rF+ rC+ Dex+4}
   (Okawaru gifted it to you on level 9 of the Dungeon)

   Dex:       It affects your dexterity (+4).
   rF:        It protects you from fire.
   rC:        It protects you from cold.
Jewellery
 k - a ring of flight (right hand)
 G - an amulet of regeneration (around neck)
 H - a ring of resist corrosion (left hand)
Wands
 B - a wand of flame (102)
 N - a wand of polymorph (8)
 O - a wand of mindburst (3)
 Q - a wand of acid (36)
 X - a wand of roots (45)
 Z - a wand of digging (10)
Scrolls
 a - 6 scrolls of vulnerability
 i - 3 scrolls of blinking
 p - 14 scrolls of fog
 r - 16 scrolls of fear
 s - 6 scrolls of immolation
 t - 8 scrolls of poison
 y - 4 scrolls of enchant armour
 D - 2 scrolls of silence
 F - 5 scrolls of amnesia
 I - 5 scrolls of torment
 R - 9 scrolls of teleportation
 W - 3 scrolls of identify
Potions
 d - 5 potions of might
 f - 4 potions of berserk rage
 g - 5 potions of lignification
 h - 5 potions of heal wounds
 j - 8 potions of flight
 l - 8 potions of haste
 q - 2 potions of brilliance
 u - 8 potions of curing
 z - 6 potions of attraction
 C - 9 potions of mutation
 E - 9 potions of degeneration
 J - a potion of cancellation {unknown}
 L - 3 potions of invisibility
 P - a potion of ambrosia
 T - 3 potions of magic


   Skills:
 * Level 20.6 Fighting
 * Level 20.4 Axes
 * Level 16.4 Throwing
 * Level 20.6 Armour
 * Level 13.9 Dodging
 + Level 15.2 Shields
 * Level 12.9 Invocations


You had 19 spell levels left.
You didn't know any spells.
Your spell library contained the following spells:

 Spells                   Type           Power      Damage    Failure   Level
 Apportation              Tloc           0%         N/A       87%         1
 Beastly Appendage        Tmut           0%         N/A       87%         1
 Foxfire                  Conj/Fire      0%         2x1d4     87%         1
 Magic Dart               Conj           0%         1d3       87%         1
 Necrotise                Necr           0%         1d4       87%         1
 Sandblast                Erth           0%         2d4       87%         1
 Blink                    Tloc           0%         N/A       95%         2
 Ensorcelled Hibernation  Hex/Ice        0%         N/A       95%         2
 Passwall                 Tmut/Erth      0%         N/A       95%         2
 Scorch                   Fire           0%         2d5       95%         2
 Searing Ray              Conj           0%         2d4       95%         2
 Wereblood                Tmut           0%         N/A       95%         2
 Conjure Flame            Conj/Fire      0%         6-21      99%         3
 Frozen Ramparts          Ice            0%         1d1       99%         3
 Gell's Gravitas          Tloc           0%         N/A       99%         3
 Ignite Poison            Fire/Tmut/Pois 0%         N/A       99%         3
 Lesser Beckoning         Tloc           0%         N/A       99%         3
 Mephitic Cloud           Conj/Pois/Air  0%         N/A       99%         3
 Portal Projectile        Hex/Tloc       0%         N/A       99%         3
 Spider Form              Tmut/Pois      0%         N/A       99%         3
 Stone Arrow              Conj/Erth      0%         3d7       99%         3
 Swiftness                Air            0%         N/A       99%         3
 Teleport Other           Tloc           0%         N/A       99%         3
 Anguish                  Hex/Necr       0%         N/A       100%        4
 Corpse Rot               Necr/Pois/Air  0%         N/A       100%        4
 Flame Wave               Conj/Fire      0%         2d4       100%        4
 Fulminant Prism          Conj/Hex       0%         3d6       100%        4
 Ice Form                 Ice/Tmut       0%         N/A       100%        4
 Leda's Liquefaction      Hex/Erth       0%         N/A       100%        4
 Passage of Golubria      Tloc           0%         N/A       100%        4
 Petrify                  Tmut/Erth      0%         N/A       100%        4
 Sticky Flame             Conj/Fire      0%         2d3       100%        4
 Blade Hands              Tmut           0%         N/A       100%        5
 Fireball                 Conj/Fire      0%         3d3       100%        5
 Freezing Cloud           Conj/Ice/Air   0%         6-21      100%        5
 Lee's Rapid Deconstruct  Erth           0%         3d5*      100%        5
 Manifold Assault         Tloc           0%         N/A       100%        5
 Metabolic Englaciation   Hex/Ice        0%         N/A       100%        5
 Yara's Violent Unravell  Hex/Tmut       0%         3d3       100%        5
 Conjure Ball Lightning   Conj/Air       0%         3x3d6     100%        6
 Eringya's Noxious Bog    Tmut/Pois      0%         N/A       100%        6
 Iron Shot                Conj/Erth      0%         9d1       100%        6
 Starburst                Conj/Fire      0%         6d3       100%        6
 Statue Form              Tmut/Erth      0%         N/A       100%        6
 Enfeeble                 Hex            0%         N/A       100%        7
 Storm Form               Tmut/Air       0%         N/A       100%        7
 Borgnjor's Revivificati  Necr           0%         N/A       100%        8
 Ignition                 Fire           0%         3d3       100%        8
 Necromutation            Tmut/Necr      0%         N/A       100%        8
 Death's Door             Necr           0%         N/A       100%        9
 Fire Storm               Conj/Fire      0%         5d1       100%        9
 Polar Vortex             Ice            0%         N/A       100%        9
 Summon Small Mammal      Summ           Unusable   N/A       N/A         1
 Call Imp                 Summ           Unusable   N/A       N/A         2
 Call Canine Familiar     Summ           Unusable   N/A       N/A         3
 Animate Armour           Summ/Erth      Unusable   N/A       N/A         4
 Summon Ice Beast         Ice/Summ       Unusable   N/A       N/A         4
 Summon Forest            Summ/Tloc      Unusable   N/A       N/A         5
 Simulacrum               Ice/Necr       Unusable   N/A       N/A         6
 Summon Cactus Giant      Summ           Unusable   N/A       N/A         6
 Infestation              Necr           Unusable   N/A       N/A         8

Dungeon Overview and Level Annotations

Branches:
Dungeon (15/15)            Temple (1/1) D:5            Lair (5/5) D:9
  Swamp (4/4) Lair:3        Snake (4/4) Lair:2        Slime (5/5) Lair:4
    Orc (2/2) D:11            Elf (3/3) Orc:2        Vaults (0/5) D:14
 Depths (0/4) D:15          IceCv (visited)         Volcano (visited)
 WizLab (visited)         Gauntlet (visited)

Altars:
Ashenzari
Cheibriados
Dithmenos
Elyvilon
Fedhas
Gozag
Hepliaklqana
Kikubaaqudgha
Makhleb
Nemelex Xobeh
Okawaru
Qazlal
Ru
Sif Muna
Trog
Uskayaw
Vehumet
Wu Jian
Xom
Yredelemnul
Zin
The Shining One

Shops:
D:3 !   D:7 !   D:8 :   D:14 =   Orc:1 (   Orc:2 [=*(   Elf:1 =(   Elf:2 *(?

Portals:
Trove: D:13 (give horn of Geryon)


Innate Abilities, Weirdness & Mutations

You have a pair of horns on your head.
You reflexively headbutt those who attack you in melee.
You sometimes lose your temper in combat.
Your magical capacity is low. (-10% MP)


Message History

You slash the acid blob!
You feel better.
Your hands burn!
* * * LOW HITPOINT WARNING * * *
You completely miss the acid blob. You hit the rockslime but do no damage.
You hit the azure jelly.
You feel better.
You closely miss the azure jelly. You hit the eye of devastation.
You feel better. The acid blob hits you.
* * * LOW HITPOINT WARNING * * *
The acid corrodes you!
You are splashed with acid.
You resist.
* * * LOW HITPOINT WARNING * * *
The rockslime hits you!
* * * LOW HITPOINT WARNING * * *
You hold your ground!
The azure jelly hits you but does no damage.
The azure jelly hits you!
* * * LOW HITPOINT WARNING * * *
The azure jelly freezes you!!
You feel a terrible chill!
* * * LOW HITPOINT WARNING * * *
The azure jelly hits you but does no damage.
The azure jelly barely misses you. The azure jelly misses you.
You furiously retaliate!
You headbutt the azure jelly, but do no damage.
The azure jelly misses you.
The azure jelly hits you but does no damage. x2
The rockslime hits you but does no damage.
You feel a strong urge to attack something.
You are no longer berserk.
You are exhausted.
You feel yourself slow down.
Blink to where?
Press: ? - help, Dir - move target
As you read the scroll of blinking, it crumbles to dust.
The quicksilver ooze hits you.
* * * LOW HITPOINT WARNING * * *
The quicksilver ooze engulfs you! The quicksilver ooze barely misses you.
You gasp with relief as air once again reaches your lungs.
The quicksilver ooze hits you. The quicksilver ooze engulfs you!
The quicksilver ooze closely misses you.
The acid blob closely misses you. You furiously retaliate!
You headbutt the acid blob, but do no damage.
The rockslime hits you!
You die...

.................#
................##
...............##
...............#
..............#### #
..............#.### .##
................#.# ###..#
J...............J.###....#
...............@JJ.......#
...............JJJ......#
##..............J.JJ...###
##.............J.J......#
##...............J.....#
##..............GJ§..##
###...................#
...................##
...................#


You could see 4 acid blobs, 5 azure jellies, 2 rockslimes, an eye of devastation
and 2 quicksilver oozes.

Vanquished Creatures
  the Royal Jelly (Slime:5)
  Jorgrun (D:12)
  3 deep elf blademasters
  Asterion (Snake:1)
  Mlioglotl (Snake:3)
  11 acid blobs
  2 deep elf master archers (Elf:3)
  An eldritch tentacle (WizLab)
  A tentacled starspawn (WizLab)
  2 thorn hunters
  10 rockslimes
  Donald (Orc:2)
  6 nagarajas (Snake:4)
  5 azure jellies
  10 deep elf sorcerers
  An orc warlord (Orc:1)
  Louise (Elf:1)
  The ghost of Voynt the Scorcher, a journeyman DrFE of Hepliaklqana (D:14)
  2 ghouls (Swamp:3)
  An ironbound preserver (D:14)
  6 quicksilver oozes
  A reaper (WizLab)
  6 eleionomae
  4 deep elf demonologists (Elf:3)
  A red draconian (Volcano)
  5 bunyips
  4 deep elf annihilators
  A minotaur (Gauntlet)
  7 deep elf death magi
  3 deep elf high priests (Elf:3)
  Josephine (Snake:1)
  A rakshasa (D:14)
  23 hydras
  2 great orbs of eyes
  2 shambling mangroves
  2 ghost crabs
  6 centaur warriors
  2 boulder beetles
  14 anacondas
  3 salamander tyrants (Snake:2)
  3 catoblepae
  A hell beast (Gauntlet)
  10 alligators
  3 death yaks (Lair:4)
  30 dancing weapons
  6 two-headed ogres
  4 orc high priests
  17 naga warriors
  A tengu warrior (D:15)
  8 naga sharpshooters (Snake:4)
  Urug (D:12)
  2 thrashing horrors (WizLab)
  16 deep elf knights
  21 spriggans
  2 shock serpents
  A soul eater (WizLab)
  A shadow wraith (WizLab)
  4 goliath frogs
  6 spriggan druids
  4 salamander mystics
  2 glowing orange brains (WizLab)
  8 swamp dragons
  8 bog bodies
  A deep troll (D:11)
  9 deep elf archers
  An obsidian statue (Arena)
  2 necromancers
  10 naga ritualists
  2 wizards
  13 orc knights
  8 ugly things
  4 lindwurms (Lair:2)
  23 deep elf zephyrmancers
  29 deep elf pyromancers
  14 mana vipers
  2 oklob plants
  4 shining eyes
  7 orc sorcerers
  7 manticores
  19 salamanders
  A moth of wrath (Gauntlet)
  10 cyclopes
  3 will-o-the-wisps
  Joseph (D:7)
  24 naga magi
  2 worldbinders (WizLab)
  A centaur zombie (D:15)
  5 molten gargoyles (Volcano)
  40 black mambas
  6 elephants
  3 ice statues
  2 guardian serpents
  A guardian serpent (shapeshifter) (Elf:2)
  4 gargoyles
  12 cane toads
  Maggie (D:7)
  An orange demon (WizLab)
  2 torpor snails (Lair:4)
  3 rime drakes
  Psyche (D:11)
  2 centaur skeletons (D:15)
  2 kobold demonologists
  9 komodo dragons
  6 anaconda simulacra (IceCv)
  4 freezing wraiths
  3 efreet
  15 ice devils
  A hellwing (WizLab)
  11 trolls
  2 bloated husks
  12 tyrant leeches
  A wind drake (WizLab)
  6 polar bears
  Grinder (D:3)
  16 hornets
  A raiju (WizLab)
  60 slime creatures
  25 blink frogs
  3 dream sheep (Lair:5)
  2 air elementals
  A shadow (D:11)
  Sigmund (D:5)
  9 wraiths
  4 water elementals
  3 wyverns
  A yak (shapeshifter) (D:14)
  2 steam dragons (D:7)
  2 golden eyes (Slime:5)
  61 yaks
  4 fire elementals
  Eustachio (D:5)
  4 death yak simulacra (IceCv)
  Grum (D:9)
  22 vampire mosquitoes
  Edmund (D:4)
  2 basilisks (Lair:1)
  16 swamp worms
  Menkaure (D:5)
  2 spatial vortices (WizLab)
  An acid dragon (D:10)
  47 nagas
  A harpy simulacrum (IceCv)
  6 wargs
  2 hell hounds
  16 water moccasins
  3 swamp drakes
  A black bear (shapeshifter) (D:13)
  2 sky beasts
  6 black bears
  34 orc warriors
  8 ogres
  5 boggarts
  9 ice beasts
  34 wolves
  11 centaurs
  An ogre (shapeshifter) (D:13)
  A wolf (shapeshifter) (Elf:3)
  5 kobold brigands
  2 gnoll sergeants
  18 bullfrogs
  A necrophage (Swamp:3)
  5 earth elementals
  6 scorpions
  4 cane toad simulacra (IceCv)
  6 wights
  6 jellies
  3 elephant simulacra (IceCv)
  16 killer bees
  2 howler monkeys
  3 electric eels
  A crimson imp (WizLab)
  18 orc priests
  4 hounds
  2 gnoll boudas
  Jessica (D:3)
  Ijyb (D:4)
  3 iguanas
  20 orc wizards
  4 polar bear simulacra (IceCv)
  5 wolf simulacra (IceCv)
  2 spriggan simulacra (IceCv)
  A boggart simulacrum (D:15)
  12 gnolls
  12 adders
  2 naga simulacra (IceCv)
  3 shadow imps
  16 white imps
  An ufetubus (D:3)
  3 worms
  3 dart slugs
  72 orcs
  4 endoplasms
  3 giant cockroaches
  4 goblins
  8 hobgoblins
  3 jackals (D:2)
  5 quokkas
  3 ball pythons
  7 bats
  5 frilled lizards
  17 kobolds
  5 rats
  A bush (Lair:2)
  2 starspawn tentacles (WizLab)
1431 creatures vanquished.

Vanquished Creatures (others)
  2 deep elf knights (Elf:2)
  A deep elf pyromancer (Elf:1)
  A swamp drake (Swamp:4)
  2 orcs
  8 foxfires
  56 fungi
  A lurking horror (WizLab)
  62 plants
133 creatures vanquished.

Grand Total: 1564 creatures vanquished

Notes
Turn   | Place    | Note
-------+----------+-------------------------------------------
     0 | D:1      | EarthwalkerPL the Minotaur Fighter began the quest for the
                  | Orb.
     0 | D:1      | Reached XP level 1. HP: 19/19 MP: 0/0
   174 | D:1      | Reached XP level 2. HP: 22/27 MP: 1/1
   596 | D:2      | Reached XP level 3. HP: 26/33 MP: 2/2
  1220 | D:2      | Identified the +11 plate armour "Soycro Teph" {rPois rN++
                  | Int+3 Stlth-}
  1365 | D:3      | Noticed Grinder
  1393 | D:3      | Found Fomedohi's Distillery.
  1460 | D:3      | Found a radiant altar of Vehumet.
  1480 | D:3      | Reached XP level 4. HP: 41/41 MP: 3/3
  1611 | D:4      | Noticed an ogre
  1615 | D:5      | Entered Level 5 of the Dungeon
  1615 | D:5      | Noticed Eustachio
  1638 | D:4      | Found a shadowy altar of Dithmenos.
  1644 | D:4      | Reached skill level 5 in Armour
  1644 | D:4      | Reached XP level 5. HP: 20/47 MP: 4/4
  1832 | D:4      | Found a sparkling altar of Nemelex Xobeh.
  1989 | D:3      | Noticed Jessica
  1999 | D:3      | Reached skill level 5 in Fighting
  1999 | D:3      | Killed Jessica
  2322 | D:3      | Found a faded altar of an unknown god.
  2674 | D:4      | Killed an ogre
  2675 | D:4      | Reached XP level 6. HP: 32/56 MP: 5/5
  3080 | D:4      | Reached skill level 5 in Axes
  3100 | D:4      | Found a white marble altar of Elyvilon.
  3101 | D:4      | Found a sacrificial altar of Ru.
  3171 | D:4      | Reached XP level 7. HP: 61/62 MP: 6/6
  3306 | D:5      | Noticed Ijyb
  3318 | D:4      | Killed Ijyb
  3328 | D:5      | Reached skill level 5 in Shields
  3328 | D:5      | Noticed a yak
  3329 | D:5      | Noticed a yak
  3330 | D:5      | Noticed a yak
  3331 | D:5      | Noticed a yak
  3331 | D:5      | Noticed a yak
  3343 | D:4      | Killed a yak
  3582 | D:5      | Noticed Edmund
  3584 | D:5      | Noticed Sigmund
  3599 | D:4      | Killed Edmund
  3728 | D:5      | Killed Sigmund
  3729 | D:5      | Reached XP level 8. HP: 66/71 MP: 7/7
  3831 | D:5      | Noticed Menkaure
  3847 | D:5      | Killed Menkaure
  3979 | D:5      | Killed Eustachio
  4042 | D:5      | Found an ornate altar of the Wu Jian Council.
  4102 | D:5      | Reached XP level 9. HP: 53/81 MP: 8/8
  4270 | D:5      | Found a staircase to the Ecumenical Temple.
  4277 | Temple   | Entered the Ecumenical Temple
  4331 | Temple   | Became a worshipper of Warmaster Okawaru
  4728 | D:3      | Killed Grinder
  4905 | D:6      | Reached * piety under Okawaru
  4921 | D:6      | Found a glowing silver altar of Zin.
  5151 | D:6      | Noticed a two-headed ogre
  5166 | D:6      | Killed a two-headed ogre
  5221 | D:6      | Identified the +1 robe "Giunut" {Fly Int+3}
  5690 | D:7      | Reached ** piety under Okawaru
  5695 | D:7      | Reached skill level 10 in Armour
  5734 | D:7      | Reached XP level 10. HP: 93/93 MP: 9/9
  5745 | D:7      | Noticed Maggie
  5748 | D:7      | Reached skill level 10 in Fighting
  5765 | D:7      | Killed Maggie
  5848 | D:7      | Found a basalt altar of Yredelemnul.
  5928 | D:7      | Reached skill level 10 in Axes
  5986 | D:7      | Found an ancient bone altar of Kikubaaqudgha.
  6090 | D:7      | Found Toluitu's Distillery.
  6287 | D:7      | Found a hide-covered altar of Uskayaw.
  6288 | D:7      | Found a broken altar of Ashenzari.
  6288 | D:7      | Found a snail-covered altar of Cheibriados.
  6288 | D:7      | Found a snail-covered altar of Cheibriados.
  6366 | D:7      | Noticed Joseph
  6374 | D:7      | Reached *** piety under Okawaru
  6391 | D:7      | Killed Joseph
  6462 | D:7      | Noticed a cyclops
  6470 | D:7      | Killed a cyclops
  6709 | D:7      | Noticed a gargoyle
  6713 | D:7      | Killed a gargoyle
  6748 | D:7      | Reached **** piety under Okawaru
  6757 | D:7      | Noticed a cyclops
  6774 | D:7      | Killed a cyclops
  6779 | D:7      | Noticed a manticore
  6783 | D:7      | Identified the +9 falchion of Unbearable Fortitude {vorpal,
                  | rElec rC+ rCorr Dex+4}
  6789 | D:7      | Killed a manticore
  6790 | D:7      | Reached XP level 11. HP: 79/102 MP: 10/10
  7015 | D:8      | Found Koza's Self-Improvement Boutique.
  7167 | D:8      | Found a broken altar of Ashenzari.
  7400 | D:8      | You fall into a shaft and drop 2 floors!
  7400 | D:10     | Entered Level 10 of the Dungeon
  7408 | D:9      | Noticed Grum
  7453 | D:9      | Killed Grum
  7572 | D:9      | Reached ***** piety under Okawaru
  7602 | D:9      | Found a stormy altar of Qazlal.
  8089 | D:9      | Identified the +3 buckler of Integrity {rF+ rC+ Dex+4}
                  | (Okawaru gifted it to you on level 9 of the Dungeon)
  8089 | D:9      | Received a gift from Okawaru
  8127 | D:9      | Found a staircase to the Lair.
  8262 | D:9      | Found a shimmering altar of Xom.
  8263 | D:9      | Found a hazy altar of Hepliaklqana.
  8302 | D:9      | Found a bloodstained altar of Trog.
  8302 | D:9      | Found a snail-covered altar of Cheibriados.
  8698 | D:10     | Noticed a two-headed ogre
  8733 | D:10     | Killed a two-headed ogre
  8794 | D:10     | Identified the +4 pair of gloves "Dazxom" {rElec Str-5
                  | Slay+4 Stlth+}
  9078 | D:10     | Noticed a two-headed ogre
  9087 | D:10     | Killed a two-headed ogre
  9421 | D:11     | Noticed an eight-headed hydra
  9454 | D:11     | Noticed Psyche
  9499 | D:11     | Killed Psyche
  9585 | D:11     | Reached XP level 12. HP: 99/113 MP: 11/11
  9702 | D:11     | Found a staircase to the Orcish Mines.
 10243 | D:11     | Noticed a seven-headed hydra
 10245 | D:11     | Reached skill level 10 in Shields
 10592 | Orc:1    | Entered Level 1 of the Orcish Mines
 10597 | Orc:1    | Noticed a two-headed ogre
 10612 | Orc:1    | Killed a two-headed ogre
 10689 | Orc:1    | Noticed a two-headed ogre
 10697 | Orc:1    | Killed a two-headed ogre
 10728 | D:11     | Received a gift from Okawaru
 10728 | D:11     | Found the +2 hat of the Bear Spirit {Spirit, *Rage Will++}
 10934 | Orc:1    | Noticed an orc high priest
 11593 | Orc:1    | Killed an orc high priest
 11691 | Orc:1    | Found Solen's Antique Weapon Emporium.
 12121 | Orc:1    | Noticed an orc high priest
 12196 | Orc:1    | Killed an orc high priest
 12387 | Orc:2    | Entered Level 2 of the Orcish Mines
 12406 | Orc:2    | Reached XP level 13. HP: 125/125 MP: 12/12
 12504 | Orc:2    | Reached skill level 1 in Throwing
 12508 | Orc:2    | Reached skill level 1 in Invocations
 12532 | Orc:2    | Found a staircase to the Elven Halls.
 12535 | Orc:2    | Found Retacuebb's Antique Weapon Shoppe.
 12905 | Orc:2    | Noticed an orc warlord
 12972 | Orc:1    | Killed an orc warlord
 13025 | Orc:2    | Noticed Donald
 13043 | Orc:2    | Killed Donald
 13043 | Orc:2    | Identified the +2 hat of Vautex {rPois rC- Will++ Int+3}
                  | (Okawaru gifted it to you on level 2 of the Orcish Mines)
 13043 | Orc:2    | Received a gift from Okawaru
 13303 | Orc:2    | Reached skill level 15 in Armour
 13412 | Orc:2    | Found Ukkeceh's General Store.
 13591 | Orc:2    | Reached skill level 1 in Dodging
 13652 | Orc:2    | Found Casacs's Jewellery Shop.
 13681 | Orc:2    | Reached skill level 15 in Fighting
 13709 | Orc:2    | Found Biet's Antique Armour Boutique.
 14117 | Orc:2    | Bought a ring of flight for 192 gold pieces
 14312 | D:12     | Noticed Jorgrun
 14332 | D:12     | Killed Jorgrun
 14332 | D:12     | Reached ****** piety under Okawaru
 14681 | D:12     | Reached skill level 15 in Axes
 14700 | D:12     | Noticed Urug
 14723 | D:12     | Killed Urug
 14938 | Lair:1   | Entered Level 1 of the Lair of Beasts
 14974 | Lair:1   | Found a frozen archway.
 15039 | IceCv    | Entered an ice cave
 15433 | IceCv    | Reached XP level 14. HP: 117/135 MP: 16/16
 15479 | IceCv    | Found an ancient bone altar of Kikubaaqudgha.
 15586 | IceCv    | Received a gift from Okawaru
 16053 | IceCv    | Got the Collected Works on the Mortuary Glacier
 16613 | Lair:1   | Reached skill level 5 in Throwing
 16830 | Lair:1   | Identified the amulet "Tiykh" {Faith Harm Dex+3}
 17034 | Lair:1   | Reached skill level 5 in Invocations
 17464 | Lair:2   | Received a gift from Okawaru
 17767 | Lair:2   | Found a dark tunnel.
 17792 | Volcano  | Entered a volcano
 17933 | Volcano  | Reached skill level 5 in Dodging
 18182 | Volcano  | Noticed an orb of fire
 18519 | Volcano  | Noticed an orb of fire
 18965 | Lair:2   | Found a staircase to the Snake Pit.
 19770 | Lair:3   | Found a gate leading to a gauntlet.
 19785 | Gauntlet | Entered a Gauntlet
 19785 | Gauntlet | Found a transporter.
 19785 | Gauntlet | Found a transporter.
 19785 | Gauntlet | Found a transporter.
 19800 | Gauntlet | Found a transporter.
 19802 | Gauntlet | Found a transporter.
 19804 | Gauntlet | Found a runed translucent door.
 19806 | Gauntlet | Found a runed translucent door.
 19808 | Gauntlet | Found a transporter.
 19811 | Gauntlet | Found a transporter.
 19819 | Gauntlet | Found a transporter.
 19839 | Gauntlet | Found a transporter.
 19857 | Gauntlet | Found a transporter.
 19861 | Gauntlet | Found a transporter.
 19871 | Gauntlet | Found a transporter.
 20314 | Gauntlet | Identified the ring "Jutsutz" {*Corrode rPois rF+ rN+
                  | Dex+7}
 20408 | Gauntlet | Identified the amulet of Dithmenos's Esteem {Spirit rC+
                  | Stlth+}
 20504 | Gauntlet | Identified the +1 pearl dragon scales of Time Monsters
                  | {rElec rN+}
 20540 | Gauntlet | Identified a scroll of acquirement
 20540 | Gauntlet | Acquired 887 gold pieces
 20550 | Gauntlet | Identified the +0 robe of Love and Death {+Blink rF+}
 20551 | Gauntlet | Got the Anthology of the Variable Zephyr
 20561 | Gauntlet | Identified the +2 plate armour "Xeppadun" {rPois}
 20742 | Lair:3   | Identified the +1 scale mail of Cenem {Str+3 Dex+2}
                  | (Okawaru gifted it to you on level 3 of the Lair of Beasts)
 20742 | Lair:3   | Received a gift from Okawaru
 20891 | Lair:3   | Reached XP level 15. HP: 144/144 MP: 16/18
 21378 | Lair:3   | Found a staircase to the Swamp.
 21663 | Lair:4   | Found a staircase to the Slime Pits.
 22795 | Lair:4   | Identified the +6 falchion of the Unkillable {antimagic,
                  | *Slow rPois rF+ SInv}
 22874 | Lair:4   | Received a gift from Okawaru
 22936 | Lair:5   | Entered Level 5 of the Lair of Beasts
 23653 | Lair:5   | Identified the +4 scale mail of Buseisutzi {Regen+}
                  | (Okawaru gifted it to you on level 5 of the Lair of Beasts)
 23653 | Lair:5   | Received a gift from Okawaru
 23911 | Lair:5   | Got the Compendium of Fiery Excavation
 25189 | D:13     | Found a shimmering blue altar of Sif Muna.
 25488 | D:13     | Found a portal to a secret trove of treasure.
 26403 | D:14     | Reached XP level 16. HP: 154/154 MP: 20/20
 26462 | D:14     | Found a runed translucent door.
 26636 | D:14     | Found a gate to the Vaults.
 26646 | D:14     | Acquired a manual of Throwing
 26647 | D:14     | Acquired a +3 broad axe of electrocution
 27053 | D:14     | Found Fyuwid's Jewellery Shoppe.
 27137 | D:14     | Noticed Voynt's ghost (journeyman DrFE)
 27189 | D:14     | Killed Voynt's ghost
 27189 | D:14     | Received a gift from Okawaru
 27238 | D:15     | Entered Level 15 of the Dungeon
 27395 | D:15     | Received a gift from Okawaru
 27495 | D:15     | Found a glowing golden altar of the Shining One.
 28269 | D:15     | Found a staircase to the Depths.
 28476 | Elf:1    | Entered Level 1 of the Elven Halls
 28492 | Elf:1    | Paralysed by an air elemental for 1 turns
 28552 | Elf:1    | You are sucked into a shaft and drop 1 floor!
 28552 | Elf:2    | Found a runed translucent gate.
 28552 | Elf:2    | Found a runed translucent gate.
 28552 | Elf:2    | Found a runed translucent gate.
 28558 | Elf:2    | Noticed a deep elf blademaster
 28629 | Elf:1    | Found Tiudicrich's Antique Weapon Emporium.
 28638 | Elf:1    | Noticed Louise
 28668 | Elf:1    | Found a magical portal.
 28672 | WizLab   | Entered The Roulette of Golubria
 28672 | WizLab   | Found a transporter.
 28788 | WizLab   | Found a corrupted altar of Lugonu.
 28874 | WizLab   | Found a transporter.
 28879 | WizLab   | Found a transporter.
 28963 | WizLab   | Found a transporter.
 28971 | WizLab   | Found a transporter.
 29010 | WizLab   | Found the +1 cloak of Starlight {*Dazzle EV+4 Stlth--}
 29032 | WizLab   | Found a transporter.
 29069 | WizLab   | Found a transporter.
 29069 | WizLab   | Found a corrupted altar of Lugonu.
 29159 | WizLab   | Found a transporter.
 29172 | WizLab   | Noticed a tentacled starspawn
 29206 | WizLab   | Found a corrupted altar of Lugonu.
 29213 | WizLab   | Found a transporter.
 29235 | WizLab   | Found a transporter.
 29264 | WizLab   | Found a transporter.
 29264 | WizLab   | Found a transporter.
 29423 | WizLab   | Found a transporter.
 29423 | WizLab   | Found a transporter.
 29462 | WizLab   | Found a transporter.
 29462 | WizLab   | Found a transporter.
 29490 | WizLab   | Found a transporter.
 29490 | WizLab   | Found a transporter.
 29579 | Arena    | Entered the Arena
 29621 | WizLab   | Received a gift from Okawaru
 29633 | WizLab   | Got Ycalob's Textbook on Orientation
 29639 | WizLab   | Identified the +2 cloak "Huted" {rPois}
 29648 | WizLab   | Identified the -1 cloak of Fortitude {rF- rCorr Int+9}
 29649 | WizLab   | Identified the +1 cloak of Reel {Contam rN+ Dex+3 SInv}
 29746 | WizLab   | Killed a tentacled starspawn
 29856 | WizLab   | Found a transporter.
 29932 | WizLab   | Found a transporter.
 29935 | WizLab   | Received a gift from Okawaru
 30338 | Elf:1    | Killed Louise
 30363 | Elf:1    | Reached skill level 10 in Throwing
 30424 | Elf:1    | Identified the +1 pair of boots "Nuthori" {rC- MP+9 SInv
                  | Stlth+} (Okawaru gifted it to you on level 1 of the Elven
                  | Halls)
 30424 | Elf:1    | Received a gift from Okawaru
 30494 | Elf:1    | Found Regalal's Jewellery Boutique.
 30890 | Elf:1    | Reached XP level 17. HP: 159/162 MP: 22/22
 31403 | Elf:2    | Found Uppasoh's Magic Scroll Shop.
 31403 | Elf:2    | Found Ofaoc's Antique Weapon Boutique.
 31470 | Elf:2    | Found Raadgh's Assorted Antiques.
 31501 | Elf:2    | Bought a scroll of acquirement for 1092 gold pieces
 31501 | Elf:2    | Acquired a manual of Throwing
 31682 | Elf:2    | Reached skill level 10 in Dodging
 31849 | Elf:2    | Paralysed by an air elemental for 1 turns
 32003 | Elf:2    | Killed a deep elf blademaster
 32110 | Elf:2    | Received a gift from Okawaru
 32313 | Elf:2    | Identified the +0 plate armour of an ossuary {rF+} (Okawaru
                  | gifted it to you on level 2 of the Elven Halls)
 32313 | Elf:2    | Received a gift from Okawaru
 32512 | Elf:3    | Entered Level 3 of the Elven Halls
 32680 | Elf:3    | Reached skill level 10 in Invocations
 33590 | Elf:3    | Noticed a deep elf master archer
 33597 | Elf:3    | Killed a deep elf master archer
 33761 | Elf:3    | Identified the +6 leather armour of Contentment {rN+}
 33824 | Elf:3    | Noticed a deep elf blademaster
 33869 | Elf:2    | Killed a deep elf blademaster
 34115 | Elf:3    | Identified the amulet "Zoriryro" {Acrobat Harm rCorr}
 34139 | Elf:3    | Noticed a deep elf blademaster
 34152 | Elf:3    | Killed a deep elf blademaster
 34248 | Elf:3    | Acquired 1321 gold pieces
 34299 | Elf:3    | Reached XP level 18. HP: 173/173 MP: 24/24
 34832 | Elf:3    | Identified the +1 kite shield of the Stone Wall {rF+ Str+4}
                  | (Okawaru gifted it to you on level 3 of the Elven Halls)
 34832 | Elf:3    | Received a gift from Okawaru
 34856 | Elf:3    | Found the +2 cloak of the Thief {*Fog Slay-2 SInv Stlth+}
 34911 | Elf:3    | Identified the +5 hand axe of the Distant Future
                  | {antimagic, rElec rF+ rC+}
 34921 | Elf:3    | Identified the +2 chain mail of Midnight {rC+ Dex+4 Slay+5}
 34939 | Elf:3    | Got Sif Muna's Precepts of Charged Production
 35393 | Snake:1  | Entered Level 1 of the Snake Pit
 35409 | Snake:1  | Noticed Asterion
 35589 | Snake:1  | Killed Asterion
 35746 | Snake:1  | Noticed Josephine
 35797 | Snake:1  | Killed Josephine
 37173 | Snake:2  | Received a gift from Okawaru
 38140 | Snake:3  | Noticed Mlioglotl
 38149 | Snake:3  | Killed Mlioglotl
 38480 | Snake:4  | Entered Level 4 of the Snake Pit
 38624 | Snake:4  | Reached XP level 19. HP: 183/183 MP: 26/26
 38625 | Snake:4  | Identified the +0 ring mail of Coabucu {rC+ MP+9 Str+3}
                  | (Okawaru gifted it to you on level 4 of the Snake Pit)
 38625 | Snake:4  | Received a gift from Okawaru
 39445 | Snake:4  | Got a serpentine rune of Zot
 39893 | Swamp:1  | Entered Level 1 of the Swamp
 39968 | Swamp:1  | Found a white marble altar of Elyvilon.
 40706 | Swamp:2  | Received a gift from Okawaru
 40882 | Swamp:2  | Reached skill level 15 in Throwing
 42098 | Swamp:4  | Entered Level 4 of the Swamp
 42199 | Swamp:3  | Received a gift from Okawaru
 42377 | Swamp:4  | Reached XP level 20. HP: 193/193 MP: 28/28
 42722 | Swamp:4  | Got a decaying rune of Zot
 43363 | Slime:1  | Entered Level 1 of the Pits of Slime
 43541 | Slime:1  | Gained mutation: You sometimes lose your temper in combat.
                  | [a shining eye]
 43544 | Slime:1  | Reached skill level 15 in Shields
 43548 | Slime:1  | Gained mutation: Your magical capacity is low. (-10% MP) [a
                  | shining eye]
 44744 | Slime:3  | Identified the +3 cloak of Protective Custody {Str+2}
                  | (Okawaru gifted it to you on level 3 of the Pits of Slime)
 44744 | Slime:3  | Received a gift from Okawaru
 45598 | Slime:5  | Entered Level 5 of the Pits of Slime
 46049 | Slime:5  | Noticed the Royal Jelly
 46111 | Slime:5  | Killed the Royal Jelly
 46118 | Slime:5  | Slain by a rockslime

Illustrated notes

Levels and vault maps discovered:
D:1:      wander_arrival_desolate, layout_rooms
D:2:      layout_basic, serial_curves, eino_curves_04, eino_curves_01,
          hangedman_decor_riveting
D:3:      layout_basic, old_standard_altar,
          hellmonk_ecumenical_altar_leap_of_faith, serial_shops, shop,
          kennysheep_generic_room_6, uniq_jessica, uniq_grinder
D:4:      layout_basic, minitemple, hex_tiny
D:5:      layout_cave_pools, nicolae_wu_jian_wuxing_cycle,
          minmay_temple_entry_junction, eino_small_chamber_without_monster,
          serial_bayou_lagoon_a, chequers_garden, uniq_eustachio, uniq_edmund,
          uniq_menkaure, uniq_sigmund, uniq_ijyb
D:6:      layout_loops_ring, general_overflow_altar, minmay_chambers_of_fives
D:7:      minmay_the_grid_octo_tiled_octocenter [minmay_the_grid_octo_clover,
          minmay_the_grid_octo_shrine, minmay_the_grid_octo_checkerflower,
          minmay_the_grid_octo_vomiting_pacman,
          minmay_the_grid_octo_prize_single_spiral,
          minmay_the_grid_square_5x5_tetrominoes,
          minmay_the_grid_square_5x5_seven, minmay_the_grid_square_5x5_minibox,
          minmay_the_grid_square_5x5_percent], layout_loops_ring,
          kiku_gazebo_garden_becter, mainiacjoe_overflow_brackets, serial_shops,
          shop, uniq_joseph, uniq_maggie
D:8:      layout_basic, kennysheep_mini_moat, nicolae_zen_rock_garden,
          nicolae_shop_self_help
D:9:      layout_roguey, regret_index_temple_of_mockery, pf_just_have_faith,
          gammafunk_temple_overflow_elements, lair_entry_dummy, uniq_grum
D:10:     layout_grid_maze
D:11:     layout_cave_pools, david_orc_2, uniq_psyche
D:12:     layout_loops_ring, uniq_jorgrun, uniq_urug
D:13:     layout_cave_pods, serial_park, serial_park_tiny_1, serial_park_square3
          [serial_park_minivault_5x5_4], serial_park_fountain,
          serial_park_square1 [serial_park_minivault_5x5_6], enter_trove_0
D:14:     layout_basic, skrybe_vaults_entry_preservation,
          ebering_ghost_reflecting_pool, serial_rivers,
          chequers_serial_rivers_micro_b, chequers_serial_rivers_room_a,
          chequers_serial_rivers_micro_a, chequers_serial_rivers_room_a,
          serial_shops, kennysheep_little_box
D:15:     grunt_enter_depths_magical_seal, layout_cave_pods, tso_metal_star,
          item_on_display_a
Temple:   nicolae_temple_ecumenical_triangle
Lair:1:   layout_layer_cave, portal_ice_cave_entry_imps, serial_bayou_shore_b,
          grunt_megastairs_3
Lair:2:   layout_loops_ring, minmay_snake_entry_six_corridors, enter_volcano_4,
          minmay_lair_oklob_bushes, minmay_lindwurm_lava, serial_bayou_shore_a
Lair:3:   layout_small_grid, nicolae_swamp_entry_splash_gauntlet,
          gauntlet_entry_generic
Lair:4:   nzn_winding_woodlands_small [nzn_winding_woodlands_5x15_crooked,
          nzn_winding_woodlands_center_lodge, nzn_winding_woodlands_5x15_cabin],
          layout_loops_ring, minmay_slime_entry_pillars, ice2_lemuel,
          grunt_megastairs_5
Lair:5:   minmay_lair_end_enchanted_forest, layout_cave_pods,
          chequers_serial_rivers_small_b, chequers_serial_rivers_micro_c,
          infiniplex_staircase_pool_2
Swamp:1:  layout_basic_swamp, lemuel_altar_in_water
Swamp:2:  layout_basic_swamp, serial_swamp_ruin, hangedman_swamp_ruin_wall,
          evilmike_swamp_ruin_house_4, evilmike_swamp_ruin_rubble_2
Swamp:3:  nicolae_swamp_wrong_neighborhood, layout_basic_swamp,
          nicolae_swamp_stair_fork, swamp_pool1
Swamp:4:  swamp_alternative, layout_basic_swamp, infiniplex_staircase_pool
Snake:1:  layout_chambers, grunt_megastairs_1, uniq_asterion, uniq_josephine
Snake:2:  layout_misc_corridors
Snake:3:  layout_misc_corridors, uniq_mlioglotl
Snake:4:  snake_pit, layout_onion
Slime:1:  layout_caves
Slime:2:  layout_caves, cheibrodos_slime_lost_civilization_5
Slime:3:  layout_caves
Slime:4:  layout_caves
Slime:5
Orc:1:    layout_caves, guppyfry_orc_lava_fort
Orc:2:    grunt_orc_gardens, layout_caves, grunt_orc_garden, grunt_orc_garden,
          grunt_orc_garden, grunt_orc_garden, uniq_donald
Elf:1:    eino_elf_arrival_shootout, layout_rooms, serial_shops,
          nicolae_square_shop, nicolae_shop_stone,
          infiniplex_enter_wizlab_spiral, evilmike_minifort, uniq_louise
Elf:2:    nicolae_elf_blades_crystal_corner, layout_geoelf_diagonals,
          minmay_shop_star
Elf:3:    minmay_elf_hall_quartered_circle, layout_onion_city, st_stairs_10

Skill      XL: |  1  2  3  4  5  6  7  8  9 10 11 12 13 14 15 16 17 18 19 20 |
---------------+-------------------------------------------------------------+-----
Fighting       | 4 5 6 8 9 11 12 14 15 16 17 18 19 20 | 20.6
Axes           | 3 4 5 6 7 9 11 12 14 15 16 17 18 19 20 | 20.4
Armour         | 4 5 6 7 8 10 11 13 14 15 16 17 18 19 20 | 20.6
Shields        | 4 5 6 7 8 9 10 11 12 13 14 15 | 15.2
Throwing       | 4 6 7 10 12 13 15 16 | 16.4
Invocations    | 4 6 7 9 10 11 12 | 12.9
Dodging        | 3 5 7 9 10 12 13 | 13.9

Action                   |  1- 3 |  4- 6 |  7- 9 | 10-12 | 13-15 | 16-18 | 19-21 || total
-------------------------+-------+-------+-------+-------+-------+-------+-------++-------
Melee: War axe           |   100 |   102 |   222 |   601 |  1374 |       |       ||  2399
       Headbutt          |     9 |    15 |    33 |   129 |   386 |   238 |   176 ||   986
       Broad axe         |       |       |       |       |    60 |  1100 |   553 ||  1713
       Executioner's axe |       |       |       |       |       |       |    22 ||    22
Throw: Dart              |       |       |       |    12 |     6 |       |       ||    18
       Boomerang         |       |       |       |       |     2 |    12 |   169 ||   183
Invok: Heroism           |       |       |       |       |     2 |     3 |       ||     5
       Finesse           |       |       |       |       |     2 |     3 |       ||     5
       Duel              |       |       |       |       |       |     1 |       ||     1
  Use: Scroll            |       |       |     1 |    12 |    11 |    19 |     1 ||    44
       Potion            |       |       |       |       |       |     7 |       ||     7
 Stab: Distracted        |       |       |       |       |     1 |     4 |    10 ||    15
       Petrifying        |       |       |       |       |     1 |       |       ||     1
       Petrified         |       |       |       |       |     1 |       |       ||     1
       Confused          |       |       |       |       |       |       |     1 ||     1
Armor: Scale mail        |    41 |       |       |       |       |       |       ||    41
       Plate armour      |    12 |    83 |   172 |   354 |   663 |   477 |   444 ||  2205
Dodge: Dodged            |    54 |    30 |    54 |   127 |   264 |   228 |   259 ||  1016
Block: Buckler           |    21 |    19 |    50 |    37 |    77 |       |       ||   204
       Kite shield       |       |       |       |   251 |   290 |       |       ||   541
       Tower shield      |       |       |       |       |   493 |   869 |   589 ||  1951
       Reflection        |       |       |       |       |     4 |    99 |    56 ||   159
